 Dungeon Crawl Stone Soup version 0.24.0-123-gd5b16e6ec5 (webtiles) character file.

Game seed: 8855204505249334802, levelgen mode: deterministic

78 Curus the Poker (level 4, 0/33 HPs)
             Began as a Merfolk Gladiator on Dec 17, 2019.
             Slain by a worker ant (2 damage)
             ... on level 2 of the Dungeon.
             The game lasted 00:04:40 (1124 turns).

Curus the Poker (Merfolk Gladiator)                 Turns: 1124, Time: 00:04:40

Health: 0/33       AC:  4    Str: 14    XL:     4   Next: 36%
Magic:  4/4        EV: 14    Int:  7    God:
Gold:   158        SH:  0    Dex: 16    Spells: 3/3 levels left

rFire    . . .     SeeInvis .   a - +1 trident
rCold    . . .     Gourm    .   (no shield)
rNeg     . . .     Faith    .   b - +0 leather armour
rPois    +         Spirit   .   c - +0 helmet
rElec    .         Reflect  .   (no cloak)
rCorr    .         Harm     .   (no gloves)
MR       .....                  (no boots)
Stlth    +.........             (no amulet)
HPRegen  0.11/turn              g - ring of poison resistance
MPRegen  0.09/turn              (no ring)

@: no status effects
A: change form in water, swift swim, stealthy swim
a: no special abilities


You were on level 2 of the Dungeon.
You were not hungry.

You visited 1 branch of the dungeon, and saw 2 of its levels.

You collected 158 gold pieces.

Inventory:

Hand Weapons
 a - a +1 trident (weapon)
Missiles
 d - 2 throwing nets (quivered)
Armour
 b - a +0 leather armour (worn)
 c - a +0 helmet (worn)
 k - a +2 cloak
Jewellery
 g - a ring of poison resistance (left hand)
Scrolls
 e - a scroll of teleportation
 h - a scroll of identify
Potions
 i - 2 potions of flight
Comestibles
 f - 4 rations
 j - 15 chunks of flesh


   Skills:
 - Level 2.1 Fighting
 + Level 7.3 Polearms
 - Level 2.0 Throwing
 - Level 4.0 Dodging


You had 3 spell levels left.
You didn't know any spells.
Your spell library was empty.

Dungeon Overview and Level Annotations

Branches:
Dungeon (2/15)

Altars:


Message History

The worker ant struggles against the net.
The rat completely misses you.
You hit the rat but do no damage. The bat closely misses you.
The worker ant struggles against the net.
The rat barely misses you.
The worker ant struggles against the net.
You hit the rat.
The rat is severely wounded.
The bat closely misses you.
The worker ant struggles against the net.
The rat bites you but does no damage.
You hit the rat.
You kill the rat!
The bat hits you but does no damage. x2
The worker ant struggles against the net.
The net rips apart, and the worker ant comes free!
You puncture the bat!
You kill the bat!
The worker ant bites you.
You die...

..........# ...........#
............# .............#
?.##....)......?.#
.................#
.........%......#
...........a@..#
#.............#
.###.#.............#
.....#.............#
#..#.%...........#
#................# #
###.#.#'#####################..
..#+#.#.# #...g............
#.....#)# #....g........?.g


You could see a worker ant.

Vanquished Creatures
  Robin (D:2)
  2 oozes (D:1)
  2 dart slugs
  A leopard gecko (D:2)
  3 giant cockroaches
  14 goblins
  5 hobgoblins
  4 jackals (D:2)
  6 bats
  A frilled lizard (D:2)
  4 kobolds (D:1)
  5 rats
48 creatures vanquished.

Notes
Turn   | Place    | Note
-------+----------+-------------------------------------------
     0 | D:1      | Curus the Merfolk Gladiator began the quest for the Orb.
     0 | D:1      | Reached XP level 1. HP: 16/16 MP: 1/1
   133 | D:1      | Reached skill level 5 in Polearms
   213 | D:1      | Reached XP level 2. HP: 22/22 MP: 2/2
   427 | D:1      | Reached skill level 6 in Polearms
   427 | D:1      | Reached XP level 3. HP: 25/27 MP: 3/3
  1030 | D:2      | Noticed Robin
  1067 | D:2      | Killed Robin
  1067 | D:2      | Reached skill level 7 in Polearms
  1067 | D:2      | Reached XP level 4. HP: 30/33 MP: 4/4
  1124 | D:2      | Slain by a worker ant

Levels and vault maps discovered:
D:1:      mrwooster_arrival_statue_3, layout_loops_corners, minmay_fountain_box
D:2:      layout_basic, minmay_cupped, uniq_robin, uniq_terence, uniq_jessica

Skill      XL: |  1  2  3 |
---------------+----------+-----
Polearms       | 5 6 7 |  7.3
Fighting       | |  2.1
Throwing       | |  2.0
Dodging        | |  4.0

Action                   |  1- 3 |  4- 6 || total
-------------------------+-------+-------++-------
Melee: Trident           |   103 |    33 ||   136
Throw: Throwing net      |       |     1 ||     1
  Use: Scroll            |     4 |       ||     4
       Potion            |     3 |       ||     3
 Stab: Sleeping          |     5 |       ||     5
  Eat: Chunk             |       |     1 ||     1
Armor: Leather armour    |    23 |     9 ||    32
Dodge: Dodged            |    46 |    20 ||    66
